 Dungeon Crawl Stone Soup version 0.31-a0-744-gbc345e7fcb (webtiles) character file.

Game seed: 3648586019141872681

549 Dittersdorf the Covered (level 7, -1/44 HPs)
             Began as a Gargoyle Fighter on Sept 13, 2023.
             Slain by Blork the orc
             ... wielding a +0 glaive
              (8 damage)
             ... on level 5 of the Dungeon.
             The game lasted 00:04:32 (3599 turns).

Dittersdorf the Covered (Gargoyle Fighter)          Turns: 3599, Time: 00:04:33

Health: -1/44      AC: 17    Str: 22    XL:     7   Next: 28%
Magic:  7/7        EV:  8    Int:  8    God:
Gold:   215        SH:  8    Dex:  9    Spells: 6/6 levels left

rFire   . . .        a - +0 flail
rCold   . . .        z - +0 kite shield
rNeg    + . .        B - +4 scale mail
rPois   ∞            v - +0 helmet
rElec   +            (no cloak)
rCorr   .            (no gloves)
SInv    +            (no boots)
Will    .....        (no amulet) Stlth
                     q - ring of see invisible
HPRegen 0.27/turn    (no ring)
MPRegen 0.10/turn

%: no passive effects
@: no status effects
A: sickness immunity, AC +4, negative energy resistance 1, electricity
resistance, torment resistance 1, petrification resistance
a: no special abilities


You were on level 5 of the Dungeon.
You visited 1 branch of the dungeon, and saw 5 of its levels.

You collected 215 gold pieces.

Inventory:

Hand Weapons
 a - a +0 flail (weapon)
Missiles
 l - 3 poisoned darts (quivered)
 u - 2 throwing nets
Armour
 v - a +0 helmet (worn)
 z - a +0 kite shield (worn)
 B - a +4 scale mail (worn)
Jewellery
 q - a ring of see invisible (left hand)
Wands
 x - a wand of flame (20)
Scrolls
 c - a scroll of fog {unknown}
 e - 5 scrolls of identify {unknown}
 i - a scroll of enchant weapon {unknown}
 j - 2 scrolls of amnesia {unknown}
 m - a scroll of poison {unknown}
 o - 2 scrolls of blinking {unknown}
 p - 3 scrolls of teleportation {unknown}
 r - a scroll of immolation {unknown}
 s - a scroll of butterflies {unknown}
 y - a scroll of revelation {unknown}
 A - a scroll of fear {unknown}
Potions
 b - a potion of invisibility {unknown}
 d - 2 potions of might
 f - 2 potions of degeneration {unknown}
 k - a potion of curing {unknown}
 n - a potion of resistance {unknown}
 t - a potion of lignification {unknown}
 w - a potion of enlightenment {unknown}


   Skills:
 + Level 5.2 Fighting
 + Level 4.1 Maces & Flails
 + Level 5.3 Armour
 + Level 5.2 Shields


You had 6 spell levels left.
You didn't know any spells.
Your spell library contained the following spells:

 Spells                   Type           Power      Damage    Failure   Level
 Hailstorm                Conj/Ice       0%         3d3       100%        3
 Summon Ice Beast         Ice/Summ       0%         N/A       100%        4
 Simulacrum               Ice/Necr       0%         N/A       100%        6


Dungeon Overview and Level Annotations

Branches:
Dungeon (5/15)
 Temple: D:4-7

Altars:
Dithmenos
Hepliaklqana
Nemelex Xobeh
Sif Muna
Vehumet

Annotations:
D:4 1 runed translucent door, cforsyth's ghost, amateur DjCK
D:5 Blork the orc


Innate Abilities, Weirdness & Mutations

You are immune to sickness and miasma.
Your stone body is resilient. (AC +4)
You are immune to poison.
You resist negative energy. (rN+)
You are resistant to electric shocks. (rElec)
You are resistant to unholy torment.
You are immune to petrification.


Message History

Blork the orc hits you with a +0 glaive. x2
You block the orc's attack.
You hit the orc but do no damage.
The orc is heavily wounded.
Blork the orc barely misses you. You block the orc's attack.
Blork the orc barely misses you. The orc hits you but does no damage.
You hit the orc but do no damage.
The orc is heavily wounded.
Blork the orc hits you but does no damage.
Blork the orc barely misses you. You block the orc's attack.
You closely miss the orc.
The orc is heavily wounded.
Blork the orc hits you with a +0 glaive!
Blork the orc hits you with a +0 glaive.
* * * LOW HITPOINT WARNING * * *
The orc hits you but does no damage.
You are too injured to fight recklessly!
You are too injured to fight recklessly!
You are too injured to fight recklessly!
You are too injured to fight recklessly!
You are too injured to fight recklessly!
You are too injured to fight recklessly!
You are too injured to fight recklessly!
You are too injured to fight recklessly!
You are too injured to fight recklessly!
You are too injured to fight recklessly!
You are too injured to fight recklessly!
You are too injured to fight recklessly!
You are too injured to fight recklessly!
You are too injured to fight recklessly!
You are too injured to fight recklessly!
You are too injured to fight recklessly!
Blork the orc hits you from afar with a +0 glaive!
* * * LOW HITPOINT WARNING * * *
You block Blork the orc's attack.
Blork the orc attacks as he pursues you!
Blork the orc closely misses you.
Blork the orc attacks as he pursues you!
Blork the orc hits you from afar with a +0 glaive!
You die...

#.....###.#.....#
##......#..#...##
........#...#..#
..#.....##..o###########
......####..o##...##...##
###.#...#..)#...#.....#.#
#.##..#..#..o#.#...#..#
#.....#.#.....#...#...#
####..##...##.@.##...##
#..############...##
##..#########..#...#
##.............#..#
##########.....#.#
##.[...## #.....# #
####### #


You could see Blork the orc (fast), an orc wizard and an orc.

Vanquished Creatures
  3 scorpions
  4 hounds
  An iguana (D:5)
  An orc wizard (D:5)
  Robin (D:1)
  8 adders
  An ufetubus (D:4)
  2 worms
  4 dart slugs
  5 orcs
  10 ball pythons
  2 bats
  8 endoplasms
  A giant cockroach (D:1)
  12 goblins
  10 hobgoblins
  6 jackals
  6 kobolds
  4 quokkas
  A frilled lizard (D:1)
  2 rats
92 creatures vanquished.

Vanquished Creatures (others)
  An orc wizard (D:5)
1 creature vanquished.

Grand Total: 93 creatures vanquished

Notes
Turn   | Place    | Note
-------+----------+-------------------------------------------
     0 | D:1      | Dittersdorf the Gargoyle Fighter began the quest for the
                  | Orb.
     0 | D:1      | Reached XP level 1. HP: 14/14 MP: 1/1
   206 | D:1      | Found a faded altar of an unknown god.
   224 | D:1      | Reached XP level 2. HP: 18/19 MP: 2/2
   760 | D:2      | Reached XP level 3. HP: 23/23 MP: 3/3
   904 | D:2      | Noticed Robin
  1112 | D:1      | Killed Robin
  1192 | D:2      | Reached XP level 4. HP: 26/29 MP: 4/4
  2353 | D:3      | Found a sparkling altar of Nemelex Xobeh.
  2426 | D:4      | Noticed cforsyth's ghost (amateur DjCK)
  2454 | D:4      | Found a shimmering blue altar of Sif Muna.
  2462 | D:4      | Reached XP level 5. HP: 33/33 MP: 5/5
  2512 | D:4      | Identified the scarf of Valour {harm, rC- rN++ Will+++
                  | Slay+3}
  2554 | D:4      | Reached XP level 6. HP: 39/39 MP: 6/6
  2612 | D:4      | Found a runed translucent door.
  2678 | D:4      | Found a radiant altar of Vehumet.
  2766 | D:4      | Found a hazy altar of Hepliaklqana.
  3065 | D:5      | Entered Level 5 of the Dungeon
  3106 | D:5      | Found a shadowy altar of Dithmenos.
  3141 | D:5      | Reached skill level 5 in Fighting
  3141 | D:5      | Reached skill level 5 in Armour
  3363 | D:5      | Reached skill level 5 in Shields
  3363 | D:5      | Reached XP level 7. HP: 39/44 MP: 7/7
  3565 | D:5      | Noticed Blork the orc
  3599 | D:5      | Slain by Blork the orc

Illustrated notes

Levels and vault maps discovered:
D:1:      dpeg_arrival_water_temple_mockup, layout_basic,
          dreamdust_ecumenical_altar_sealed_demon
D:2:      layout_basic, minivault_19, minivault_11, hangedman_decor_peaks_small,
          uniq_robin
D:3:      layout_loops_corners, nemelex_diamond_rough_becter
D:4:      layout_rooms, nzn_hepliaklqana_mist_gate,
          mainiacjoe_overflow_surrounded_room, hellmonk_ghost_happy_afterlife,
          columned_hall_lemuel, minmay_ruined_shrine
D:5:      dreamdust_elfheim, layout_rooms, cheibrodos_worm_habitat,
          nicolae_dithmenos_the_darkroom, hangedman_decor_slide_cut,
          nrook_pool_corridor, kennysheep_generic_room_13, uniq_blork_the_orc

Skill      XL: |  1  2  3  4  5  6  7 |
---------------+----------------------+-----
Fighting       | 4 5 |  5.2
Armour         | 4 5 |  5.3
Shields        | 4 5 |  5.2
Maces & Flails | 3 4 |  4.1

Action                     |  1- 3 |  4- 6 |  7- 9 || total
---------------------------+-------+-------+-------++-------
  Melee: Flail             |   163 |   176 |    27 ||   366
 Armour: Scale mail        |    47 |       |    23 ||    70
         Chain mail        |   113 |   158 |     5 ||   276
  Dodge: Dodged            |    85 |    76 |    13 ||   174
  Block: Buckler           |    57 |    40 |       ||    97
         Kite shield       |       |     5 |    19 ||    24

Table legend: (Time is in decaauts)
 A = Elapsed time spent in this place.
 B = Non-inter-level travel time spent in this place.
 C = Inter-level travel time spent in this place.
 D = Time resting spent in this place.
 E = Time spent auto-exploring this place.
 F = Levels seen in this place.
 G = Mean time per level.
                   A        B        C        D        E       F      G
               +--------+--------+--------+--------+--------+-----+--------+
         Total |   3711 |   3603 |    108 |     97 |   2635 |   5 |  742.2 |
       Dungeon |   3711 |   3603 |    108 |     97 |   2635 |   5 |  742.2 |
               +--------+--------+--------+--------+--------+-----+--------+

Top non-repeatable levels by time:
     D:1: 988 daAuts
     D:3: 781 daAuts
     D:2: 700 daAuts
     D:4: 685 daAuts
     D:5: 554 daAuts
